 Dungeon Crawl Stone Soup version 0.19-a0-1821-g42c593c (webtiles) character file.

2015 PurpleRed the Conjurer (level 9, -1/45 HPs)
             Began as a Kobold Conjurer on Oct 6, 2016.
             Was a Follower of Vehumet.
             Slain by a wyvern (13 damage)
             ... on level 8 of the Dungeon.
             The game lasted 00:35:26 (3055 turns).

PurpleRed the Conjurer (Kobold Conjurer)            Turns: 3055, Time: 00:35:27

Health: -1/45      AC:  6    Str: 10    XL:     9   Next: 46%
Magic:  8/19       EV: 14    Int: 19    God:    Vehumet [*.....]
Gold:   288        SH:  0    Dex: 11    Spells: 7 memorised, 4 levels left

rFire  . . .     SeeInvis .     j - +2 war axe
rCold  . . .     Gourm    .     t - +1 robe of Edghos {MR+ Str+4 Dex-4}
rNeg   . . .     Faith    .     (shield restricted)
rPois  .         Spirit   .     l - +0 helmet
rElec  .         Dismiss  +     (no cloak)
rCorr  .         Reflect  .     (no gloves)
MR     +....     Harm     .     o - +1 pair of boots
Stlth  +.........               k - amulet of dismissal
                                (no ring)
                                v - ring of loudness (curse)

@: drained
A: carnivore 3
a: Renounce Religion


You were on level 8 of the Dungeon.
You worshipped Vehumet.
Vehumet was aware of your devotion.
You were very full.

You visited 2 branches of the dungeon, and saw 9 of its levels.

You collected 288 gold pieces.

Inventory:

Hand Weapons
 d - a +0 club
 j - a +2 war axe (weapon)
 m - a +0 dagger
 y - a +2 falchion of holy wrath
Missiles
 e - 33 bolts
 i - 17 poisoned needles
Armour
 a - a +0 robe
 l - a +0 helmet (worn)
 o - a +1 pair of boots (worn)
 t - the +1 robe of Edghos (worn) {MR+ Str+4 Dex-4}
   (You found it on level 5 of the Dungeon)

   It affects your strength (+4).
   It affects your dexterity (-4).
   It affects your resistance to hostile enchantments.
Jewellery
 k - an amulet of dismissal (around neck)
 v - a cursed ring of loudness (left hand)
Scrolls
 p - 2 scrolls of recharging
 x - a scroll of immolation
Potions
 f - a potion of mutation
 g - a potion of cure mutation
 n - 2 potions of curing
 u - a potion of might
Books
 b - a book of Conjurations

   Spells                             Type                      Level
   a - Magic Dart                     Conjuration                  1
   b - Searing Ray                    Conjuration                  2
   c - Dazzling Spray                 Conjuration/Hexes            3
   d - Fulminant Prism                Conjuration/Hexes            4
   e - Iskenderun's Mystic Blast      Conjuration                  4
   f - Iskenderun's Battlesphere      Conjuration/Charms           5
 q - Kikubaaqudgha's Catalogue of Dark Arts
   (Kikubaaqudgha gifted it to you on level 3 of the Dungeon)

   Spells                             Type                      Level
   a - Animate Skeleton               Necromancy                   1
   b - Corpse Rot                     Necromancy                   2
   c - Sublimation of Blood           Necromancy                   2
   d - Vampiric Draining              Necromancy                   3
   e - Control Undead                 Necromancy                   4
 w - a book of Air

   Spells                             Type                      Level
   a - Shock                          Conjuration/Air              1
   b - Swiftness                      Charms/Air                   2
   c - Repel Missiles                 Charms/Air                   2
   d - Static Discharge               Conjuration/Air              3
   e - Lightning Bolt                 Conjuration/Air              5
Comestibles
 c - 2 meat rations
 s - a beef jerky


   Skills:
 - Level 2.4(2.2) Dodging
 - Level 2.6(2.5) Stealth
 + Level 7.0(6.8) Spellcasting
 + Level 7.8(7.6) Conjurations
 + Level 4.6(4.4) Charms
 + Level 3.8(3.6) Necromancy


You had 4 spell levels left.
You knew the following spells:

 Your Spells              Type           Power        Failure   Level  Hunger
a - Magic Dart            Conj           ####         1%          1    None
b - Searing Ray           Conj           #####.       1%          2    None
c - Animate Skeleton      Necr           N/A          2%          1    None
d - Iskenderun's Battles  Conj/Chrm      ####....     28%         5    #####..
e - Control Undead        Necr           ###.......   28%         4    ###....
r - Regeneration          Chrm/Necr      ###.......   8%          3    #......
x - Sublimation of Blood  Necr           ###.......   4%          2    None


Dungeon Overview and Level Annotations

Branches:
Dungeon (8/15)             Temple (1/1) D:7            Lair (0/6) D:8

Altars:
Ashenzari
Gozag
Kikubaaqudgha
Makhleb
Okawaru
Qazlal
Ru
Uskayaw
Vehumet
Xom
Yredelemnul
The Shining One

Annotations:
D:5 Ultraviolent4's ghost, amateur MiBe


Innate Abilities, Weirdness & Mutations

You are small and have problems with some larger weapons.
You are carnivorous and can eat meat at any time.


Message History

A wyvern comes into view.
Okay, then.
Okay, then.
Unknown command.
Press: ? - help, v - describe, . - travel
Here: a wyvern The floor.
The crocodile bites you! The basilisk gazes at you.
You resist with almost no effort.
The wyvern bites you but does no damage.
The wyvern closely misses you. The wyvern bites you.
There is a stone staircase leading down here.
The wyvern bites you!!
* * * LOW HITPOINT WARNING * * *
You feel much better. The wyvern bites you!
* * * LOW HITPOINT WARNING * * *
The wyvern bites you!
You die...

### #..### .#### ..#####....##
..... #.....#.#...## ### #
###.....#.#..#### ..# #
#...##..........######.###### #
..########.##........#......#####
.## #.>..................... .#
######.###.##..# #....# .#
#.@ltl....## ####.. ##
####.......#####... #
.......#...........## #
########...........##
#.....#..#####.... #######
#.######.... ##... .Z.....
####..###.. .##### ...### .# #.


You could see a basilisk, a crocodile and a wyvern.

Vanquished Creatures
  A hill giant (D:8)
  A basilisk (D:8)
  A yak (D:8)
  2 porcupines (D:8)
  A sky beast (D:5)
  An orc warrior (D:7)
  A bullfrog (D:6)
  A crimson imp (D:8)
  2 jellies
  5 hounds
  4 orc wizards (D:7)
  Jessica (D:3)
  A bullfrog skeleton (D:6)
  A centaur skeleton (D:4)
  2 iguanas
  Terence (D:3)
  4 worker ants
  6 gnolls (D:6)
  5 adders
  An ooze (D:7)
  2 adder skeletons
  2 dart slugs (D:1)
  3 leopard geckos
  3 orcs
  2 giant cockroaches
  5 hobgoblins
  6 jackals
  3 quokkas
  6 bats
  A frilled lizard (D:1)
  4 goblins
  4 kobolds
  4 rats
87 creatures vanquished.

Vanquished Creatures (collateral kills)
  A porcupine (D:8)
  An ogre zombie (D:8)
  A hound skeleton (D:8)
  A howler monkey skeleton (D:8)
4 creatures vanquished.

Vanquished Creatures (others)
  4 plants (D:8)
4 creatures vanquished.

Grand Total: 95 creatures vanquished

Notes
Turn   | Place    | Note
-------+----------+-------------------------------------------
     0 | D:1      | PurpleRed the Kobold Conjurer began the quest for the Orb.
     0 | D:1      | Reached XP level 1. HP: 10/10 MP: 3/3
   148 | D:1      | Reached XP level 2. HP: 9/15 MP: 1/5
   201 | D:1      | Learned a level 2 spell: Searing Ray
   324 | D:2      | Reached XP level 3. HP: 13/19 MP: 4/7
   466 | D:2      | Found an ancient bone altar of Kikubaaqudgha.
   466 | D:2      | Found a basalt altar of Yredelemnul.
   469 | D:2      | Found a sacrificial altar of Ru.
   473 | D:2      | Became a worshipper of Kikubaaqudgha
   608 | D:3      | Noticed Terence
   706 | D:3      | Killed Terence
   706 | D:3      | Reached XP level 4. HP: 14/24 MP: 1/8
   776 | D:3      | Noticed Jessica
   779 | D:3      | Killed Jessica
   779 | D:3      | Reached skill level 5 in Conjurations
   959 | D:5      | Entered Level 5 of the Dungeon
   999 | D:4      | Reached XP level 5. HP: 26/28 MP: 4/10
  1005 | D:4      | Learned a level 4 spell: Iskenderun's Mystic Blast
  1126 | D:5      | Learned a level 5 spell: Iskenderun's Battlesphere
  1222 | D:4      | Reached XP level 6. HP: 26/32 MP: 5/12
  1290 | D:5      | Noticed Ultraviolent4's ghost (amateur MiBe)
  1392 | D:3      | Reached * piety under Kikubaaqudgha
  1392 | D:3      | Identified Kikubaaqudgha's Catalogue of Dark Arts (Kikubaaqudgha gifted it to you on level 3 of the Dungeon)
  1392 | D:3      | Received a gift from Kikubaaqudgha
  1496 | D:5      | Noticed a sky beast
  1498 | D:5      | Reached skill level 1 in Charms
  1513 | D:5      | Killed a sky beast
  1580 | D:5      | Got a transparent robe
  1591 | D:5      | Identified the +1 robe of Edghos {MR+ Str+4 Dex-4} (You found it on level 5 of the Dungeon)
  1725 | D:5      | Reached XP level 7. HP: 28/36 MP: 10/14
  1824 | D:6      | Reached skill level 5 in Spellcasting
  2201 | D:7      | Found a staircase to the Ecumenical Temple.
  2208 | Temple   | Entered the Ecumenical Temple
  2270 | Temple   | Fell from the grace of Kikubaaqudgha
  2270 | Temple   | Became a worshipper of Vehumet
  2326 | D:7      | Learned a level 1 spell: Animate Skeleton
  2351 | D:7      | Reached XP level 8. HP: 16/41 MP: 5/16
  2483 | D:7      | Learned a level 4 spell: Control Undead
  2550 | D:8      | Noticed a hill giant
  2577 | D:8      | Killed a hill giant
  2675 | D:8      | Noticed a yak
  2691 | D:8      | Killed a yak
  2691 | D:8      | Reached XP level 9. HP: 41/45 MP: 3/18
  2700 | D:8      | Found a staircase to the Lair.
  2828 | D:8      | Learned a level 3 spell: Regeneration
  2832 | D:8      | Learned a level 2 spell: Sublimation of Blood
  2998 | D:7      | Reached * piety under Vehumet
  2998 | D:7      | Offered knowledge of Sandblast by Vehumet.
  3055 | D:8      | Slain by a wyvern

Vault maps used:
D:1:      dpeg_arrival_court
D:2:      grunt_temple_overflow_open
D:3:      first_bread, uniq_terence, uniq_jessica
D:4:      bh_walls_and_bars
D:5:      serial_shops, nicolae_shop_overgrown_old_shop, uniq_duvessa
D:8:      minmay_lair_entry_grove, grunt_livestock, kennysheep_generic_room_8
Temple:   dpeg_five_rooms_temple

Skill      XL: |  1  2  3  4  5  6  7  8  9 |
---------------+----------------------------+-----
Spellcasting   | 3 4 5 6 7 |  7.0
Conjurations   | 5 6 7 |  7.8
Charms         | 1 3 4 |  4.6
Necromancy     | 2 3 |  3.8
Dodging        | |  2.4
Stealth        | |  2.6

Action                   |  1- 3 |  4- 6 |  7- 9 || total
-------------------------+-------+-------+-------++-------
Melee: Club              |    31 |     4 |       ||    35
       Unarmed           |     1 |       |       ||     1
       War axe           |       |    21 |    41 ||    62
 Cast: Magic Dart        |    49 |    11 |    43 ||   103
       Searing Ray       |     3 |    11 |    20 ||    34
       Animate Skeleton  |       |       |     6 ||     6
       Iskenderun's Batt |       |       |     3 ||     3
       Regeneration      |       |       |     3 ||     3
       Sublimation of Bl |       |       |     3 ||     3
       Control Undead    |       |       |     2 ||     2
  Use: Scroll            |     7 |     1 |    10 ||    18
       Potion            |       |       |     4 ||     4
 Stab: Sleeping          |     1 |     2 |     1 ||     4
  Eat: Chunk             |       |     6 |    10 ||    16
Armor: Robe              |    15 |    11 |    18 ||    44
Dodge: Dodged            |    59 |    27 |    50 ||   136
